 Dungeon Crawl Stone Soup version 0.31-a0-516-gfcb59812bd (webtiles) character file.

Game seed: 10433692994506337387

207749 GordonOverkill the Metamorph (level 18, -5/150 HPs)
             Began as a Vine Stalker Delver on Aug 10, 2023.
             Was the Champion of Makhleb.
             Killed from afar by an ironbound frostheart (25 damage)
             ... by creeping frost
             ... on level 2 of the Vaults.
             The game lasted 01:06:11 (31344 turns).

GordonOverkill the Metamorph (Vine Stalker Delver) Turns: 31344, Time: 01:06:12

Health: -5/150     AC: 18    Str: 33    XL:     18   Next: 76%
Magic:  0/33       EV: 10    Int: 12    God:    Makhleb [******]
Gold:   3347       SH:  5    Dex: 19    Spells: 33/37 levels left

rFire   + + .        a - melded +0 spear (spect)
rCold   . . .        (shield currently unavailable)
rNeg    . . .        b - melded +0 leather armour
rPois   +            (helmet currently unavailable)
rElec   .            (cloak currently unavailable)
rCorr   .            (gloves currently unavailable)
SInv    .            (boots currently unavailable)
Will    ++...        L - amulet "Teke Vao" {Reflect Slay+3 SH+5}
Stlth   +++          n - ring "Zolamozi" {Fly AC+4 Int+2 Dex+3}
HPRegen 1.25/turn    m - ring of protection from cold
MPRegen 0.23/turn

%: reflection, guardian spirit
@: dragon-form, flying
A: dragon claw, dragon scales, breathe fire, flying, boosted hp, giant, (fangs
3), regeneration 1, magic shield, (antimagic bite), no potion heal 2, (deformed
body), passive freeze
}: 1/15 runes: barnacled
a: Breathe Fire, Begin Untransformation, Renounce Religion, Minor Destruction,
Lesser Servant of Makhleb, Major Destruction, Greater Servant of Makhleb


You were on level 2 of the Vaults.
You worshipped Makhleb.
Makhleb was exalted by your worship.
You were a fearsome dragon!
You visited 5 branches of the dungeon, and saw 28 of its levels.
You visited the Abyss 1 time.
You also visited: Bailey, Ice Cave and Volcano.

You collected 3623 gold pieces.
You spent 276 gold pieces at shops.

Inventory:

Hand Weapons
 a - a +0 spectral spear (melded)
 W - the +8 trident of the Octopus King {venom, rElec rPois}
   (You found it on level 2 of the Lair of Beasts)

   rElec:     It insulates you from electricity.
   rPois:     It protects you from poison
Armour
 b - a +0 leather armour (melded)
 p - the +1 pair of boots "Monec" {rC+ Will+}
   (You found it in an ice cave)

   rC+:       It protects you from cold.
   Will+:     It increases your willpower.
 w - a +0 cloak
 A - a +0 pair of gloves
 B - a +2 hat
 P - the +5 ring mail of the Good {rC++ Will+}
   (You found it on level 5 of the Dungeon)

   rC++:      It greatly protects you from cold.
   Will+:     It increases your willpower.
Magical Staves
 i - a staff of cold
Jewellery
 e - an amulet of regeneration
 m - a ring of protection from cold (right foreclaw)
 n - the ring "Zolamozi" (left foreclaw) {Fly AC+4 Int+2 Dex+3}
   (You found it on level 5 of the Lair of Beasts)

   [ring of protection]

   AC+4:      It affects your AC (+4).
   Int+2:     It affects your intelligence (+2).
   Dex+3:     It affects your dexterity (+3).
   Fly:       It grants you flight.
 q - a +6 ring of intelligence
 C - a +4 ring of protection
 L - the amulet "Teke Vao" (around neck) {Reflect Slay+3 SH+5}
   (You acquired it on level 5 of the Lair of Beasts)

   [amulet of reflection]

   Reflect:   It reflects blocked missile attacks.
   Slay+3:    It affects your accuracy & damage with ranged weapons and melee
   (+3).
   SH+5:      It affects your SH (+5).
 N - a ring of see invisible
 X - a ring of willpower
 Z - a ring of fire
Talismans
 h - a serpent talisman
 u - a flux talisman
 H - a dragon-blood talisman (active)
Wands
 g - a wand of digging (3)
 k - a wand of iceblast (29)
 s - a wand of polymorph (10)
 E - a wand of flame (24)
 I - a wand of mindburst (8)
 J - a wand of charming (21)
 Q - a wand of quicksilver (5)
Scrolls
 c - 6 scrolls of fog
 d - 5 scrolls of revelation
 j - 3 scrolls of poison
 l - 6 scrolls of teleportation
 t - 9 scrolls of amnesia
 v - a scroll of immolation
 x - 3 scrolls of identify
 y - 4 scrolls of enchant armour
 z - 3 scrolls of blinking
 U - a scroll of summoning
 Y - 4 scrolls of silence
Potions
 f - 11 potions of curing
 o - 3 potions of magic
 r - 3 potions of brilliance
 D - 4 potions of attraction
 F - a potion of might
 G - 4 potions of lignification
 K - 4 potions of enlightenment
 O - 2 potions of mutation
 R - a potion of ambrosia
 S - a potion of cancellation
Miscellaneous
 V - a phantom mirror


   Skills:
 - Level 13.0 Fighting
 - Level 1.7 Polearms
 - Level 5.0 Dodging
 - Level 6.0 Stealth
 - Level 15.0 Unarmed Combat
 - Level 10.0 Spellcasting
 + Level 8.9 Air Magic
 - Level 5.0 Invocations
 - Level 3.0 Evocations
 + Level 18.7 Shapeshifting


You had 33 spell levels left.
You knew the following spells:

 Your Spells              Type           Power      Damage    Failure   Level
a - Airstrike             Air            13%        2d(2-18)  3%          4

Your spell library contained the following spells:

 Spells                   Type           Power      Damage    Failure   Level
 Shock                    Conj/Air       64%        1d7       1%          1
 Swiftness                Air            27%        N/A       1%          3
 Poisonous Vapours        Pois/Air       32%        N/A       3%          2
 Foxfire                  Conj/Fire      24%        2x1d5     12%         1
 Sandblast                Erth           12%        2d6       12%         1
 Slow                     Hex            24%        N/A       12%         1
 Sting                    Tmut/Pois      24%        1d4       12%         1
 Blink                    Tloc           12%        N/A       19%         2
 Passwall                 Tmut/Erth      5%         N/A       19%         2
 Call Canine Familiar     Summ           6%         N/A       34%         3
 Confusing Touch          Hex            6%         N/A       34%         3
 Portal Projectile        Hex/Tloc       12%        N/A       34%         3
 Stone Arrow              Conj/Erth      12%        3d7       34%         3
 Vampiric Draining        Necr           6%         2d6       34%         3
 Volatile Blastmotes      Fire/Tloc      12%        2d11      34%         3
 Fulminant Prism          Conj/Hex       3%         3d5       75%         4
 Iskenderun's Mystic Bla  Conj/Tloc      6%         2d4       75%         4
 Leda's Liquefaction      Hex/Erth       3%         N/A       75%         4
 Manifold Assault         Tloc           6%         N/A       75%         4
 Olgreb's Toxic Radiance  Pois           6%         N/A       75%         4
 Conjure Ball Lightning   Conj/Air       8%         3x3d6     96%         6
 Plasma Beam              Fire/Air       8%         2x1d18    96%         6
 Fireball                 Conj/Fire      3%         3d4       97%         5
 Iskenderun's Battlesphe  Conj           6%         2d6       97%         5
 Starburst                Conj/Fire      3%         6d3       100%        6
 Orb of Destruction       Conj           3%         9d5       100%        7
 Discord                  Hex            3%         N/A       100%        8
 Ignition                 Fire           3%         3d4       100%        8


Dungeon Overview and Level Annotations

Branches:
Dungeon (15/15)            Temple (0/1) D:7            Lair (5/5) D:9
 Shoals (4/4) Lair:3       Spider (0/4) Lair:2        Slime (0/5) Lair:5
    Orc (2/2) D:10            Elf (0/3) Orc:2        Vaults (2/5) D:14
 Depths (0/4) D:15         Bailey (visited)           IceCv (visited)
Volcano (visited)
  Crypt: Vaults:2-3

Altars:
Cheibriados
Dithmenos
Elyvilon
Kikubaaqudgha
Makhleb
Nemelex Xobeh
Okawaru
Qazlal
Uskayaw
Wu Jian
Xom
Jiyva

Shops:
D:10 ?   Orc:2 ?*!=(   Shoals:1 (   Shoals:3 :

Annotations:
D:12 1 runed translucent door, exclusion: orange crystal statue
D:14 3 runed translucent doors, topfpfpflanze's ghost, journeyman SpSh
Lair:1 2 runed translucent doors, slizer6's ghost, novice MiFi
Lair:4 2 transporters, Bag Taf's ghost, journeyman SpEn
Shoals:2 1 runed translucent door, Jaluenn's ghost, adept FoFi


Innate Abilities, Weirdness & Mutations

You are a fearsome dragon!
You have a powerful clawing attack.
Your giant scaled body is strong and resilient, but less evasive.
You can breathe fire.
You are flying.
Your maximum health is greatly increased.
Your armour is entirely melded.
You are incapable of wielding weapons or throwing items.
((You have razor-sharp teeth.))
Your natural rate of healing is unusually fast.
When hurt, damage is shared between your health and your magic reserves.
((Your bite disrupts and absorbs the magic of your enemies.))
Potions cannot restore your health.
((Armour fits poorly on your strangely shaped body.))
A frigid envelope surrounds you and freezes all who hurt you.


Message History

The slime creature looks frightened! x2
You maul the vault warden!!!
The vault warden is severely wounded.
The ice encasing you melts away.
You hear a shout!
The vault warden completely misses you.
You claw the vault warden! Your claw misses the vault warden.
You bite the vault warden.
The vault warden is severely wounded.
Unknown command.
You maul the vault warden!!!
You kill the vault warden!
Makhleb accepts your kill.
You feel better.
The runic seals fade away.
A vault warden opens the door.
Found a whip.
You reach down and open the door.
The ironbound frostheart cries, "Help!"
The large slime creature hits you!!
* * * LOW HITPOINT WARNING * * *
The large slime creature is very cold.
The large slime creature is lightly wounded.
A large slime creature splits.
The ironbound frostheart seems to regain its courage.
The ironbound frostheart is engulfed in blazing flames.
Cornered, the slime creature turns to fight!
There is an open door here.
The large slime creature attacks as you move away!
The large slime creature hits you.
* * * LOW HITPOINT WARNING * * *
The large slime creature is very cold.
The large slime creature is lightly wounded.
You have got your breath back.
The large slime creature attacks as you move away!
The large slime creature hits you!!
* * * LOW HITPOINT WARNING * * *
The large slime creature is very cold.
The large slime creature is lightly wounded.
The ironbound frostheart calls freezing cold from the walls.
The frost grips you!!
You die...

###'#.#..#####...#...#..
##..####..#...#...#...###
#.....###.#.>.'...#...#
#########'#...#...#...#
#...#...##############
#...#...#...# #.
#...#...#...# #. #
#.JJ#...##+## #.
).#..J+....D..# #.
.p...#.....>.# #.
#...#..J....# #.
#...##J###### ##
#...)J..:...+
#.J.p.......#
#...........#
##+##########


You could see a large slime creature, 2 slime creatures and an ironbound
frostheart.

Vanquished Creatures
  Saint Roka (Vaults:1)
  Jorgrun (D:14)
  2 sphinxes
  A kraken (Shoals:4)
  An Executioner (Abyss:1)
  Kirke (D:14)
  5 vault wardens
  6 ironbound preservers
  An orc warlord (Vaults:1)
  2 very ugly things (IceCv)
  A stone giant (D:15)
  3 ironbound thunderhulks
  Nessos (D:13)
  4 dire elephants
  A fire dragon (Volcano)
  8 merfolk impalers
  3 merfolk javelineers
  6 vault guards
  2 yaktaur captains (Vaults:2)
  Fannar (D:10)
  2 great orbs of eyes (Vaults:1)
  A caustic shrike simulacrum (IceCv)
  2 ironbound frosthearts (Vaults:1)
  3 hydras
  5 alligator snapping turtles (Shoals:4)
  3 merfolk avatars
  2 catoblepae
  7 centaur warriors
  5 two-headed ogres
  5 boulder beetles
  A merfolk aquamancer (Shoals:4)
  A satyr (Shoals:4)
  4 death yaks (Lair:4)
  A hell hog (Volcano)
  4 orc high priests
  4 tengu warriors
  7 skysharks
  5 skeletal warriors (D:15)
  Lodul (D:14)
  16 deep trolls
  12 sea snakes
  A glowing orange brain (Vaults:1)
  An obsidian statue (Volcano)
  3 wizards
  An orange crystal statue (IceCv)
  4 lindwurms (Vaults:1)
  A deep elf pyromancer (D:13)
  A wolf spider (Orc:1)
  24 harpies
  11 orc knights
  3 ironbound convokers (Vaults:1)
  29 fauns
  A necromancer (Vaults:1)
  19 ugly things
  11 manticores
  5 cyclopes
  5 orc sorcerers (Orc:2)
  A worldbinder (Abyss:1)
  9 merfolk sirens
  8 vault sentinels
  10 elephants
  2 black mambas
  Joseph (D:8)
  A smoke demon (Abyss:1)
  4 water nymphs (Shoals:4)
  A gargoyle (Bailey)
  16 cane toads
  14 komodo dragons
  An unseen horror (D:13)
  4 freezing wraiths
  4 yaktaurs (D:15)
  A rime drake (Lair:3)
  An efreet (D:14)
  2 tengu conjurers (D:13)
  A komodo dragon (shapeshifter) (D:13)
  2 anaconda simulacra (IceCv)
  2 hellwings (Abyss:1)
  21 merfolk
  A meliai (shapeshifter) (D:10)
  5 trolls
  31 blink frogs
  2 tarantellas (Orc:1)
  2 wind drakes
  A tyrant leech (Lair:5)
  2 hornets
  9 snapping turtles
  13 dream sheep
  Sigmund (D:2)
  12 slime creatures
  4 small abominations (Abyss:1)
  2 wraiths (D:12)
  4 water elementals
  36 yaks
  6 humans (D:14)
  2 vampires
  7 wyverns
  9 fire bats (Volcano)
  3 hogs (D:14)
  A steam dragon (D:9)
  11 basilisks
  Grum (D:8)
  A redback (Orc:1)
  2 harpy simulacra (IceCv)
  11 vampire mosquitoes
  3 wargs
  4 hell hounds
  18 water moccasins
  4 ice beasts (D:7)
  31 orc warriors
  A swamp drake (D:10)
  2 sky beasts (D:6)
  2 black bears
  2 alligator simulacra (IceCv)
  5 centaurs
  11 ogres
  12 wolves
  2 phantoms (D:6)
  14 bullfrogs
  6 scorpions
  2 gnoll sergeants
  7 wights
  8 vampire bats (Bailey)
  4 killer bees (D:8)
  A lindwurm simulacrum (IceCv)
  4 electric eels
  2 wolf zombies (Bailey)
  A howler monkey (D:11)
  7 lava snakes (Volcano)
  A jelly (D:4)
  6 hounds
  A gnoll bouda (D:7)
  15 orc priests
  Terence (D:2)
  3 iguanas
  Ijyb (D:3)
  3 sleepcaps
  18 orc wizards
  A boggart simulacrum (D:14)
  16 gnolls
  12 adders
  2 shadow imps
  10 worms
  4 dart slugs
  53 orcs
  6 ball pythons
  5 bats
  2 endoplasms
  7 giant cockroaches
  6 hobgoblins
  6 jackals
  3 quokkas
  A frilled lizard (D:1)
  13 goblins
  10 kobolds
  25 orc zombies (Bailey)
  4 rats
935 creatures vanquished.

Vanquished Creatures (others)
  A vault guard (D:14)
  A wizard (Vaults:2)
  An ogre (D:14)
  An orc priest (Orc:2)
  9 tentacles (Shoals:4)
13 creatures vanquished.

Grand Total: 948 creatures vanquished

Notes
Turn   | Place    | Note
-------+----------+-------------------------------------------
     0 | D:5      | GordonOverkill the Vine Stalker Delver began the quest for
                  | the Orb.
     0 | D:5      | Reached XP level 1. HP: 11/11 MP: 2/2
    27 | D:5      | Noticed a hound
    72 | D:5      | Identified the +5 ring mail of the Good {rC++ Will+}
    96 | D:6      | Noticed a black bear
   106 | D:6      | Found a burning altar of Makhleb.
   106 | D:6      | Noticed a hound
   106 | D:6      | Noticed a sky beast
   115 | D:6      | Noticed a phantom
   200 | D:4      | Reached skill level 1 in Unarmed Combat
   200 | D:4      | Reached XP level 2. HP: 14/16 MP: 3/3
   323 | D:4      | Found a stormy altar of Qazlal.
   332 | D:4      | Noticed a scorpion
   357 | D:4      | Reached skill level 1 in Shapeshifting
   605 | D:2      | Reached XP level 3. HP: 5/19 MP: 0/4
   976 | D:2      | Noticed Terence
  1015 | D:2      | Gained mutation: Armour fits poorly on your strangely
                  | shaped body. [potion of mutation]
  1015 | D:2      | Gained mutation: A frigid envelope surrounds you and
                  | freezes all who hurt you. [potion of mutation]
  1033 | D:2      | Killed Terence
  1034 | D:2      | Reached skill level 2 in Shapeshifting
  1034 | D:2      | Gained mutation: Your natural rate of healing is unusually
                  | fast. [Vine Stalker growth]
  1034 | D:2      | Reached XP level 4. HP: 8/23 MP: 3/5
  2384 | D:2      | Found a faded altar of an unknown god.
  2516 | D:2      | Reached XP level 5. HP: 12/27 MP: 6/6
  2552 | D:2      | Reached skill level 3 in Shapeshifting
  2584 | D:2      | Noticed Sigmund
  2588 | D:2      | Killed Sigmund
  2589 | D:2      | Reached skill level 4 in Shapeshifting
  2589 | D:2      | Reached XP level 6. HP: 20/32 MP: 7/7
  2810 | D:3      | Found a white marble altar of Elyvilon.
  3051 | D:3      | Noticed Ijyb
  3065 | D:3      | Killed Ijyb
  3389 | D:4      | Reached skill level 5 in Shapeshifting
  3389 | D:4      | Reached XP level 7. HP: 26/35 MP: 8/8
  4029 | D:5      | Reached skill level 6 in Shapeshifting
  4268 | D:5      | Identified the +12 dagger "Ipnafaor" {flame, Int+2}
  4480 | D:6      | Reached skill level 7 in Shapeshifting
  4480 | D:6      | Gained mutation: You have razor-sharp teeth. [Vine Stalker
                  | growth]
  4480 | D:6      | Reached XP level 8. HP: 22/39 MP: 5/9
  4693 | D:6      | Reached skill level 8 in Shapeshifting
  4727 | D:6      | Became a worshipper of Makhleb the Destroyer
  5073 | D:7      | Reached skill level 9 in Shapeshifting
  5073 | D:7      | Reached XP level 9. HP: 43/43 MP: 10/10
  5107 | D:7      | Reached skill level 1 in Invocations
  5322 | D:7      | Found a staircase to the Ecumenical Temple.
  5477 | D:7      | Found a sparkling altar of Nemelex Xobeh.
  5489 | D:7      | Found a shadowy altar of Dithmenos.
  5909 | D:8      | Reached * piety under Makhleb
  5933 | D:8      | Noticed Joseph
  5947 | D:8      | Killed Joseph
  6082 | D:8      | Reached skill level 5 in Unarmed Combat
  6141 | D:8      | Noticed a two-headed ogre
  6148 | D:8      | Killed a two-headed ogre
  6149 | D:8      | Reached skill level 5 in Fighting
  6149 | D:8      | Reached skill level 5 in Invocations
  6149 | D:8      | Reached XP level 10. HP: 33/51 MP: 5/14
  6767 | D:8      | Noticed Grum
  6776 | D:8      | Killed Grum
  7016 | D:8      | Found a snail-covered altar of Cheibriados.
  7798 | D:9      | Noticed a two-headed ogre
  7807 | D:9      | Killed a two-headed ogre
  7882 | D:9      | Reached ** piety under Makhleb
  7883 | D:9      | Reached XP level 11. HP: 58/58 MP: 15/15
  7968 | D:9      | Found a staircase to the Lair.
  8265 | D:9      | Reached skill level 10 in Shapeshifting
  8317 | D:10     | Entered Level 10 of the Dungeon
  8353 | D:10     | Found Deym Oci's Magic Scroll Shop.
  8358 | D:10     | Bought a scroll of enchant armour for 112 gold pieces
  8358 | D:10     | Bought a scroll of teleportation for 45 gold pieces
  8391 | D:10     | Noticed a two-headed ogre
  8396 | D:10     | Killed a two-headed ogre
  8424 | D:10     | Noticed Fannar
  8436 | D:10     | Reached skill level 5 in Dodging
  8443 | D:10     | Killed Fannar
  8474 | D:10     | Found a flagged portal.
  8506 | Bailey   | Entered a bailey
  8606 | Bailey   | Reached *** piety under Makhleb
  8894 | Bailey   | Identified the +2 sling "Nidua" {speed, rF+ Str+2 SInv}
  9000 | Bailey   | Identified the +4 scale mail "Vigeupp" {rF+ Str+3 Int-3
                  | SInv}
  9080 | D:10     | Reached skill level 11 in Shapeshifting
  9145 | D:10     | Noticed a two-headed ogre
  9155 | D:10     | Killed a two-headed ogre
  9156 | D:10     | Reached skill level 1 in Spellcasting
  9196 | D:10     | Found a staircase to the Orcish Mines.
  9200 | D:10     | Reached **** piety under Makhleb
  9485 | D:10     | Reached XP level 12. HP: 63/63 MP: 15/18
  9879 | D:11     | Reached skill level 5 in Spellcasting
 10232 | D:12     | Found a runed translucent door.
 10301 | D:12     | Noticed a two-headed ogre
 10309 | D:12     | Killed a two-headed ogre
 10360 | D:12     | Noticed a centaur warrior
 10368 | D:12     | Killed a centaur warrior
 10631 | D:13     | Noticed Nessos
 10734 | Lair:1   | Entered Level 1 of the Lair of Beasts
 10944 | Lair:1   | Reached skill level 10 in Unarmed Combat
 11013 | Lair:1   | Noticed a catoblepas
 11024 | Lair:1   | Killed a catoblepas
 11101 | Lair:1   | Reached skill level 12 in Shapeshifting
 11318 | Lair:1   | Found a large runed translucent door.
 11319 | Lair:1   | Found a large runed translucent door.
 11322 | Lair:1   | Noticed slizer6's ghost (novice MiFi)
 11432 | Lair:1   | Reached XP level 13. HP: 67/67 MP: 11/21
 11721 | Lair:1   | Reached ***** piety under Makhleb
 12017 | Lair:2   | Reached skill level 13 in Shapeshifting
 12224 | Lair:2   | Found a hole to the Spider Nest.
 12301 | Lair:2   | Identified the +8 short sword of the Shrike {speed, Fragile
                  | rElec rF+++ Dex-3}
 12321 | Lair:2   | Found the +8 trident of the Octopus King {venom, rElec
                  | rPois}
 12757 | Lair:2   | Reached skill level 14 in Shapeshifting
 12831 | Lair:2   | Found an ornate altar of the Wu Jian Council.
 12831 | Lair:2   | Found a hide-covered altar of Uskayaw.
 13169 | Lair:3   | Identified the +10 dire flail "Beetleslayer" {pain, rF+}
 13176 | Lair:3   | Found a stormy altar of Qazlal.
 13739 | Lair:3   | Found a staircase to the Shoals.
 13916 | Lair:4   | Reached skill level 15 in Shapeshifting
 13997 | Lair:4   | Reached XP level 14. HP: 58/72 MP: 12/22
 14554 | Lair:4   | Found a transporter.
 14558 | Lair:4   | Found a transporter.
 14559 | Lair:4   | Noticed Bag Taf's ghost (journeyman SpEn)
 14743 | Lair:5   | Entered Level 5 of the Lair of Beasts
 14745 | Lair:5   | Identified a scroll of acquirement
 14746 | Lair:5   | Acquired the amulet "Teke Vao" {Reflect Slay+3 SH+5}
 14908 | Lair:5   | Found a dark tunnel.
 14963 | Volcano  | Entered a volcano
 15010 | Volcano  | Reached ****** piety under Makhleb
 15107 | Volcano  | Found a bloodstained altar of Trog.
 15299 | Lair:5   | Found a staircase to the Slime Pits.
 15303 | Lair:5   | Found a viscous altar of Jiyva.
 15318 | Lair:5   | Identified the +3 leather armour "Ynguc" {Fly rElec rF+++
                  | Int-3}
 15668 | Lair:5   | Identified the ring "Zolamozi" {Fly AC+4 Int+2 Dex+3}
 15676 | Lair:5   | Identified the +1 robe of a bazaar {rElec Str+4}
 15775 | Lair:5   | Identified the +3 mace "Jellybane" {flame, rC+ Dex+4}
 16638 | D:13     | Reached XP level 15. HP: 72/79 MP: 18/23
 16736 | D:13     | Reached skill level 16 in Shapeshifting
 16902 | D:13     | Killed Nessos
 17019 | D:13     | Reached skill level 10 in Fighting
 17513 | D:14     | Found a gate to the Vaults.
 17628 | D:14     | Noticed Kirke
 17629 | D:14     | Noticed Jorgrun
 17654 | D:14     | Killed Kirke
 17662 | D:14     | Killed Jorgrun
 17799 | D:14     | Found a runed translucent gate.
 17808 | D:14     | Found a runed translucent gate.
 17808 | D:14     | Found an ancient bone altar of Kikubaaqudgha.
 17809 | D:14     | Found a runed translucent gate.
 17810 | D:14     | Noticed a lich
 17810 | D:14     | Noticed topfpfpflanze's ghost (journeyman SpSh)
 17810 | D:14     | Noticed a lich
 17810 | D:14     | Noticed a lich
 17811 | D:14     | Noticed a lich
 17908 | D:14     | Found a stormy altar of Qazlal.
 18094 | D:14     | Noticed Lodul
 18100 | D:14     | Reached skill level 17 in Shapeshifting
 18230 | D:14     | Killed Lodul
 18382 | D:15     | Entered Level 15 of the Dungeon
 18500 | D:15     | Found an iron altar of Okawaru.
 19105 | D:15     | Found a staircase to the Depths.
 19444 | D:15     | Reached skill level 18 in Shapeshifting
 19857 | Orc:1    | Entered Level 1 of the Orcish Mines
 19867 | Orc:1    | Reached XP level 16. HP: 85/85 MP: 24/24
 20065 | Orc:2    | Entered Level 2 of the Orcish Mines
 20089 | Orc:2    | Found a staircase to the Elven Halls.
 20180 | Orc:2    | Found Giz Pelo's Weapon Shop.
 20548 | Orc:2    | Found Luthry's Jewellery Boutique.
 20754 | Orc:2    | Found Hatiorio's Magic Scroll Boutique.
 20755 | Orc:2    | Found Penur's Distillery.
 20755 | Orc:2    | Found Udder's Assorted Antiques.
 21182 | Orc:2    | Bought a cyan potion for 29 gold pieces
 21184 | Orc:2    | Bought a scroll of blinking for 90 gold pieces
 22248 | Shoals:1 | Entered Level 1 of the Shoals
 22791 | Shoals:1 | Found Pydus's Antique Weapon Shoppe.
 23714 | Shoals:2 | Found a frozen archway.
 23769 | IceCv    | Entered an ice cave
 23996 | IceCv    | Found a transporter.
 24011 | IceCv    | Found a transporter.
 24044 | IceCv    | Identified the +1 pair of boots "Monec" {rC+ Will+}
 24621 | Shoals:2 | Reached XP level 17. HP: 94/94 MP: 20/25
 24788 | Shoals:2 | Found a runed translucent door.
 24788 | Shoals:2 | Found a shimmering altar of Xom.
 24788 | Shoals:2 | Noticed Jaluenn's ghost (adept FoFi)
 25245 | Shoals:3 | Learned a level 4 spell: Airstrike
 25495 | Shoals:3 | Reached skill level 1 in Air Magic
 25636 | Shoals:3 | Found Ifiexif's Book Emporium.
 25919 | Shoals:4 | Entered Level 4 of the Shoals
 26080 | Shoals:3 | Reached skill level 1 in Evocations
 26306 | Shoals:4 | Reached skill level 15 in Unarmed Combat
 27145 | Shoals:4 | Got a barnacled rune of Zot
 27151 | Shoals:4 | Noticed a kraken
 27196 | Shoals:4 | Killed a kraken
 27580 | Shoals:4 | Reached skill level 5 in Air Magic
 28344 | Vaults:1 | Entered Level 1 of the Vaults
 28748 | Vaults:1 | Noticed Saint Roka
 28751 | Vaults:1 | Reached XP level 18. HP: 100/100 MP: 28/31
 28946 | Abyss:1  | Cast into level 1 of the Abyss (vault sentinel)
 29027 | Abyss:1  | Found a corrupted altar of Lugonu.
 29075 | Vaults:1 | Escaped the Abyss
 29397 | Vaults:1 | Killed Saint Roka
 30924 | Vaults:2 | Reached skill level 10 in Spellcasting
 31344 | Vaults:2 | Killed from afar by an ironbound frostheart

Illustrated notes

Levels and vault maps discovered:
D:1:      evilmike_arrival_fibonacci_small, layout_loops_corners,
          minmay_misc_feat_roman
D:2:      layout_basic, shapermc_ecumenical_altar_flowoftime, st_stairs_7,
          uniq_sigmund, uniq_terence
D:3:      cheibrodos_old_hovel, layout_basic, elyvilon_altar_5,
          reono_crystal_passage, uniq_ijyb
D:4:      layout_basic, old_standard_altar, kennysheep_diamond,
          hangedman_feature_mirror
D:5:      layout_basic
D:6:      layout_loops_ring, makhleb_heckhound_becter, kennysheep_nondescript
D:7:      layout_loops_ring, minitemple, minmay_temple_entry_antechambers
D:8:      layout_layer_cave, overflow_temple_1_default, uniq_grum, uniq_joseph
D:9:      layout_loops_ring, erik_lair_dragon
D:10:     layout_roguey, erik_orc_1, enter_bailey_5, serial_shops,
          nicolae_shop_waterfront, serial_glass, glass_columns_b,
          glass_columns_b, glass_columns_c, glass_columns_a, glass_columns_b,
          item_on_display_a, item_on_display_a, item_on_display_a, uniq_fannar
D:11:     layout_roguey
D:12:     layout_big_octagon, minmay_crystal_box
D:13:     layout_loops_ring, uniq_nessos
D:14:     layout_cave_pools, ximxim_vaults_locker_room, nicolae_triple_integral,
          gammafunk_ghost_crypt, nicolae_qazlal_scattered_showers, uniq_lodul,
          uniq_kirke, uniq_jorgrun
D:15:     grunt_enter_depths_snipers, layout_basic, amethyst_killhole,
          kennysheep_okawaru_gauntlet
Lair:1:   layout_cave_pods, ebering_ghost_disaster_area, lemuel_fruit_fields,
          grunt_megastairs_5
Lair:2:   layout_chaotic_city, nicolae_spider_entry_non_spiders,
          nzn_masters_of_martial_movement
Lair:3:   layout_long_grid, minmay_shoals_entry_hut, basic_altar
Lair:4:   layout_long_grid, gammafunk_ghost_hive, kennysheep_basilisk_garden,
          grunt_megastairs_3, serial_bayou_shore_a
Lair:5:   minmay_lair_end_frog_pond, layout_gridlike, slime_entry_1,
          enter_volcano_3, serial_rivers, chequers_serial_rivers_micro_d,
          chequers_serial_rivers_marsh, chequers_serial_rivers_micro_a,
          chequers_serial_rivers_micro_a, chequers_serial_rivers_room_b,
          dreamdust_mushroom_princess, infiniplex_staircase_pool,
          lemuel_fruit_tree
Shoals:1: layout_shoals, serial_shops, shop
Shoals:2: layout_shoals, ebering_ghost_xom, portal_ice_cave_entry_frozen_things
Shoals:3: layout_shoals, serial_shops, shop, nzn_prometheus_bound
Shoals:4: shoals_end_grunt_garden, layout_shoals
Orc:1:    nicolae_orc_accident_3, layout_diamond_mine
Orc:2:    st_orc_elflike, layout_caves, serial_shops, nicolae_square_shop,
          basic_altar, guppyfry_library_mini
Vaults:1: vaults_room_grunt_arrival_ludios, grunt_vaults_swirl,
          nicolae_vaults_tangram_2, nicolae_vaults_closet_pinwheel_1,
          vaults_room_pools, ontoclasm_vaults_loading_screen,
          vaults_room_door_hall, hangedman_vaults_cutoff,
          nicolae_vaults_mitosis, nicolae_vaults_hexular_roomagon,
          grunt_vaults_focal, nicolae_vaults_trapezoid_4, vaults_dpeg_cross,
          layout_vaults_ring, uniq_saint_roka
Vaults:2: nicolae_vaults_mini_display_case, nicolae_vaults_wine_cellar,
          nicolae_vaults_tangram_2, nicolae_vaults_closet_pinwheel_5,
          nicolae_vaults_disjoint_gnomons, nicolae_vaults_big_angled_halls,
          nicolae_vaults_closet_pinwheel_1, nicolae_vaults_circle_grid_a,
          nicolae_vaults_shock_wave, v_misc_22, nicolae_vaults_weapon_check,
          vaults_mumra_chevron, ontoclasm_vaults_shuriken,
          nicolae_vaults_trapezoid_lopsided_1, layout_vaults_omnibox,
          serial_shops, shop_coins

Skill      XL: |  1  2  3  4  5  6  7  8  9 10 11 12 13 14 15 16 17 18 |
---------------+-------------------------------------------------------+-----
Unarmed Combat | 1 2 5 6 8 10 12 14 15 | 15.0
Shapeshifting  | 1 2 4 5 7 9 11 12 15 18 | 18.7
Invocations    | 5 |  5.0
Fighting       | 5 6 7 9 10 12 13 | 13.0
Dodging        | 2 4 5 |  5.0
Spellcasting   | 3 5 8 10 | 10.0
Air Magic      | 6 8 |  8.9
Evocations     | 3 |  3.0
Polearms       | |  1.7
Stealth        | |  6.0

Action                     |  1- 3 |  4- 6 |  7- 9 | 10-12 | 13-15 | 16-18 || total
---------------------------+-------+-------+-------+-------+-------+-------++-------
  Melee: Spear             |    86 |    29 |       |       |       |       ||   115
         Bite              |    19 |     6 |       |       |       |    42 ||    67
         Punch             |     1 |     1 |       |       |       |    25 ||    27
         Unarmed           |       |    70 |   155 |   396 |   814 |   916 ||  2351
         Constrict         |       |    19 |    47 |   106 |   178 |   176 ||   526
         Tailslap          |       |       |       |       |       |    36 ||    36
   Cast: Airstrike         |       |       |       |       |       |     8 ||     8
Ability: Breathe Fire      |       |       |       |       |       |     4 ||     4
  Evoke: Wand              |     3 |       |       |       |     1 |    13 ||    17
    Use: Scroll            |     3 |       |     6 |     9 |    12 |    12 ||    42
         Potion            |     3 |       |       |       |     3 |     4 ||    10
   Stab: Sleeping          |     2 |    22 |    14 |    21 |    18 |    12 ||    89
         Distracted        |       |     1 |     2 |     1 |     1 |     5 ||    10
         Paralysed         |       |       |       |       |       |     1 ||     1
 Armour: Leather armour    |    11 |     1 |       |       |       |       ||    12
         Skin              |       |    18 |    48 |   174 |   296 |   441 ||   977
  Dodge: Dodged            |    50 |    28 |    66 |   203 |   383 |   412 ||  1142
  Block: Other             |       |       |       |       |   102 |   198 ||   300
         Reflection        |       |       |       |       |     3 |    18 ||    21
   Form: Anaconda          |       |     1 |       |       |       |       ||     1
         Dragon            |       |       |       |       |       |     1 ||     1

Table legend: (Time is in decaauts)
 A = Elapsed time spent in this place.
 B = Non-inter-level travel time spent in this place.
 C = Inter-level travel time spent in this place.
 D = Time resting spent in this place.
 E = Time spent auto-exploring this place.
 F = Levels seen in this place.
 G = Mean time per level.
                   A        B        C        D        E       F      G
               +--------+--------+--------+--------+--------+-----+--------+
         Total |  30857 |  28744 |   2113 |   4783 |  16163 |  32 |  964.3 |
       Dungeon |  13920 |  12695 |   1225 |   1075 |   9017 |  15 |  928.0 |
          Lair |   5498 |   5174 |    324 |    427 |   3469 |   5 | 1099.6 |
        Shoals |   5328 |   5113 |    215 |   1510 |   1674 |   4 | 1332.0 |
  Orcish Mines |   1991 |   1720 |    271 |    278 |    973 |   2 |  995.5 |
        Vaults |   2821 |   2744 |     77 |   1021 |    796 |   2 | 1410.5 |
         Abyss |    124 |    124 |      0 |      0 |      0 |   1 |  124.0 |
        Bailey |    506 |    506 |      0 |    140 |    146 |   1 |  506.0 |
      Ice Cave |    377 |    377 |      0 |    306 |      0 |   1 |  377.0 |
       Volcano |    288 |    288 |      0 |     25 |     88 |   1 |  288.0 |
               +--------+--------+--------+--------+--------+-----+--------+

Top non-repeatable levels by time:
Vaults:1: 2356 daAuts
Shoals:4: 1656 daAuts
     D:8: 1653 daAuts
  Lair:1: 1458 daAuts
  Lair:5: 1322 daAuts
     D:2: 1315 daAuts
   Orc:2: 1308 daAuts
    D:14: 1273 daAuts
Shoals:2: 1242 daAuts
    D:15: 1234 daAuts
Shoals:1: 1228 daAuts
Shoals:3: 1201 daAuts
     D:9: 970 daAuts
  Lair:2: 963 daAuts
     D:4: 912 daAuts
